 Dungeon Crawl Stone Soup version 0.29.1-15-g9cfb28693d (webtiles) character file.

Game seed: 10040787441560167837

3173 Heoruswealwe the Thaumaturge (level 9, 0/45 HPs)
             Began as a Deep Elf Earth Elementalist on Apr 9, 2023.
             Succumbed to a killer bee's poison
             ... on level 10 of the Dungeon.
             The game lasted 01:03:44 (8262 turns).

Heoruswealwe the Thaumaturge (DEEE)                 Turns: 8262, Time: 01:03:45

Health: 0/45       AC:  8    Str:  5    XL:     9   Next: 63%
Magic:  26/27      EV: 12    Int: 25    God:
Gold:   433        SH:  5    Dex: 15    Spells: 23/33 levels left

rFire   . . .      SeeInvis .   b - staff of earth
rCold   . . .      Faith    .   (no shield)
rNeg    + . .      Spirit   .   G - +2 robe {rN+}
rPois   .          Reflect  +   C - +0 helmet
rElec   .          Harm     .   L - scarf {repulsion}
rCorr   +          Rampage  .   m - +1 pair of gloves
Will    .....                   O - +0 pair of boots
Stlth   ++........              K - amulet of reflection
HPRegen 0.15/turn               i - ring of wizardry
MPRegen 0.20/turn               h - ring of resist corrosion

@: lethally poisoned (0 -> -3), repel missiles
A: no striking features
a: no special abilities


You were on level 10 of the Dungeon.
You visited 2 branches of the dungeon, and saw 11 of its levels.

You collected 433 gold pieces.

Inventory:

Hand Weapons
 a - the +10 falchion "Rewatt" {speed, rF+ SInv}
   (You found it on level 6 of the Dungeon)

   Attacks with this weapon are significantly faster.
   rF:        It protects you from fire.
   SInv:      It lets you see invisible.
Armour
 m - a +1 pair of gloves (worn)
 C - a +0 helmet (worn)
 G - a +2 robe of positive energy (worn)
 L - a scarf of repulsion (worn)
 O - a +0 pair of boots (worn)
Magical Staves
 b - a staff of earth (weapon)
 J - a staff of poison
Jewellery
 h - a ring of resist corrosion (right hand)
 i - a ring of wizardry (left hand)
 t - the amulet "Hitigeze" {Faith Str+3 Dex+3}
   (You found it on level 3 of the Dungeon)

   [amulet of faith]

   It allows you to gain divine favour quickly.
   Str:       It affects your strength (+3).
   Dex:       It affects your dexterity (+3).
 K - an amulet of reflection (around neck)
Wands
 x - a wand of flame (11)
 B - a wand of roots (10)
 P - a wand of charming (8)
Scrolls
 e - a scroll of brand weapon
 v - 2 scrolls of magic mapping
 w - 4 scrolls of teleportation
 y - a scroll of summoning
 D - 2 scrolls of fear {unknown}
 E - 4 scrolls of enchant weapon {unknown}
 I - a scroll of torment {unknown}
 M - a scroll of enchant armour {unknown}
 N - a scroll of noise {unknown}
Potions
 c - a potion of cancellation {unknown}
 d - 3 potions of haste {unknown}
 f - a potion of flight {unknown}
 g - 2 potions of attraction {unknown}
 j - a potion of magic
 l - a potion of brilliance {unknown}
 n - 2 potions of berserk rage {unknown}
 p - 2 potions of ambrosia {unknown}
 q - 2 potions of mutation {unknown}
 s - 7 potions of curing {unknown}
 u - 2 potions of heal wounds {unknown}
 z - 4 potions of might {unknown}
 F - a potion of resistance {unknown}
 H - a potion of degeneration {unknown}
Miscellaneous
 Q - a phantom mirror


   Skills:
 - Level 2.4 Dodging
 - Level 2.4 Stealth
 + Level 12.7 Spellcasting
 - Level 1.1 Transmutations
 + Level 11.0 Earth Magic


You had 23 spell levels left.
You knew the following spells:

 Your Spells              Type           Power      Damage    Failure   Level
a - Sandblast             Erth           100%       2d20      1%          1
b - Stone Arrow           Conj/Erth      100%       3d13      1%          3
c - Petrify               Tmut/Erth      62%        N/A       1%          4
z - Passwall              Tmut/Erth      51%        N/A       1%          2

Your spell library contained the following spells:

 Spells                   Type           Power      Damage    Failure   Level
 Apportation              Tloc           30%        N/A       1%          1
 Necrotise                Necr           60%        1d7       1%          1
 Sting                    Tmut/Pois      72%        1d6       1%          1
 Summon Small Mammal      Summ           60%        N/A       1%          1
 Ensorcelled Hibernation  Hex/Ice        30%        N/A       2%          2
 Poisonous Vapours        Pois/Air       30%        N/A       2%          2
 Spider Form              Tmut/Pois      18%        N/A       3%          3
 Conjure Flame            Conj/Fire      15%        6-21      4%          3
 Ignite Poison            Fire/Tmut/Pois 17%        N/A       4%          3
 Swiftness                Air            15%        N/A       4%          3
 Anguish                  Hex/Necr       7%         N/A       16%         4
 Corpse Rot               Necr/Pois/Air  15%        N/A       16%         4
 Olgreb's Toxic Radiance  Pois           15%        N/A       16%         4
 Sticky Flame             Conj/Fire      15%        2d4       16%         4


Dungeon Overview and Level Annotations

Branches:
Dungeon (10/15)            Temple (1/1) D:7
   Lair: D:8-11         Orc: D:9-12

Altars:
Ashenzari
Cheibriados
Dithmenos
Elyvilon
Fedhas
Gozag
Hepliaklqana
Kikubaaqudgha
Makhleb
Nemelex Xobeh
Okawaru
Qazlal
Ru
Sif Muna
Trog
Uskayaw
Wu Jian
Xom
Yredelemnul
Zin
The Shining One

Shops:
D:3 (


Message History

A killer bee comes into view.
The centaur shoots an arrow.
The arrow hits you.
The killer bee buzzes angrily.
You hear a shout!
You feel a surge of power!
The blast of sand misses the killer bee.
The killer bee buzzes angrily.
An orc comes into view. It is wielding a +0 dagger.
The centaur shoots an arrow.
The arrow misses you. The killer bee stings you.
You are too injured to fight recklessly!
The killer bee attacks as you move away!
The killer bee barely misses you. The killer bee completely misses you.
The killer bee barely misses you. The killer bee closely misses you.
The killer bee attacks as you move away!
The killer bee misses you.
You are too injured to fight recklessly!
Casting: Sandblast (safe; 1% risk of failure)
Confirm with . or Enter, or press ? or * to list all spells.
Aiming: Sandblast (safe; 1% risk of failure)
Press: ? - help, Shift-Dir - straight line, f/p - killer bee
Aim: a killer bee (70% to hit)
You feel a surge of power!
The blast of sand misses the killer bee.
The killer bee stings you. x2
You are poisoned.
The killer bee poisons you!
The centaur shoots an arrow.
The arrow hits you!
* * * LOW HITPOINT WARNING * * *
The killer bee stings you.
* * * LOW HITPOINT WARNING * * *
As you read the scroll of summoning, it crumbles to dust.
Wisps of shadow whirl around you...
* * * LOW HITPOINT WARNING * * *
You feel sick.
The killer bee stings you but does no damage.
The centaur shoots an arrow.
The arrow barely misses your howler monkey.
The arrow hits your troll! The killer bee completely misses you.
You swap places.
You die...

...................
##...............
#.##.).......o...
#...............
#.#..#.c...## #
####.#...#
#..#...###.
#y###c.....
##T@h###... ###.#
#... ## ##.


You could see a centaur (ally target), a killer bee, a friendly troll (summoned)
and a friendly howler monkey (summoned).

Vanquished Creatures
  A troll (D:9)
  Sigmund (D:4)
  4 yaks (D:9)
  2 sky beasts
  The ghost of Ralidor the Trooper, an amateur OgBe of Trog (D:3)
  An orc warrior (D:9)
  A black bear (D:5)
  4 centaurs
  A phantom (D:6)
  A kobold brigand (D:8)
  A necrophage (D:7)
  A gnoll sergeant (D:9)
  3 scorpions
  4 wights (D:9)
  4 killer bees
  3 hounds
  A jelly (D:6)
  3 orc priests
  6 orc wizards
  6 gnolls
  5 adders
  2 shadow imps
  A white imp (D:8)
  3 ufetubi (D:6)
  A worm (D:2)
  2 dart slugs
  20 orcs
  6 ball pythons
  8 endoplasms
  2 giant cockroaches
  7 hobgoblins
  6 jackals
  14 kobolds
  3 quokkas (D:1)
  2 ball python zombies (D:3)
  3 bats
  2 frilled lizards
  8 goblins
  4 rats
148 creatures vanquished.

Notes
Turn   | Place    | Note
-------+----------+-------------------------------------------
     0 | D:1      | Heoruswealwe the Deep Elf Earth Elementalist began the
                  | quest for the Orb.
     0 | D:1      | Reached XP level 1. HP: 10/10 MP: 6/6
   140 | D:1      | Reached XP level 2. HP: 15/15 MP: 1/8
   181 | D:1      | Learned a level 2 spell: Passwall
   697 | D:1      | Reached skill level 4 in Spellcasting
   943 | D:1      | Reached XP level 3. HP: 19/19 MP: 8/10
  1008 | D:1      | Learned a level 3 spell: Stone Arrow
  1110 | D:2      | Identified the +1 ring mail of Freedom {rN+}
  1560 | D:3      | Found Uwnel's Weapon Boutique.
  1601 | D:3      | Identified the amulet "Hitigeze" {Faith Str+3 Dex+3}
  1675 | D:3      | Reached XP level 4. HP: 24/24 MP: 10/12
  1915 | D:3      | Found a runed translucent gate.
  1915 | D:3      | Found a runed translucent gate.
  1915 | D:3      | Found a runed translucent gate.
  1915 | D:3      | Noticed Ralidor's ghost (amateur OgBe)
  1917 | D:3      | Found a basalt altar of Yredelemnul.
  1959 | D:3      | Learned a level 4 spell: Petrify
  1965 | D:3      | Killed Ralidor's ghost
  1966 | D:3      | Reached skill level 5 in Spellcasting
  1966 | D:3      | Reached skill level 5 in Earth Magic
  1966 | D:3      | Reached XP level 5. HP: 15/28 MP: 9/15
  2418 | D:4      | Identified a scroll of acquirement
  2420 | D:4      | Acquired a staff of earth
  2591 | D:4      | Found a stormy altar of Qazlal.
  2744 | D:4      | Noticed Sigmund
  2746 | D:4      | Killed Sigmund
  2747 | D:4      | Reached skill level 6 in Spellcasting
  2747 | D:4      | Reached XP level 6. HP: 32/32 MP: 12/17
  3032 | D:4      | You fall into a shaft and drop 1 floor!
  3032 | D:5      | Entered Level 5 of the Dungeon
  3101 | D:5      | Reached skill level 7 in Spellcasting
  3537 | D:5      | Reached XP level 7. HP: 36/36 MP: 17/20
  3726 | D:5      | Reached skill level 8 in Spellcasting
  4008 | D:4      | You fall into a shaft and drop 2 floors!
  4103 | D:6      | Identified the +10 falchion "Rewatt" {speed, rF+ SInv}
  4455 | D:6      | Found an ornate altar of the Wu Jian Council.
  4465 | D:6      | Found a glowing silver altar of Zin.
  4629 | D:6      | Reached skill level 9 in Spellcasting
  4629 | D:6      | Reached XP level 8. HP: 33/41 MP: 19/23
  4700 | D:4      | You fall into a shaft and drop 3 floors!
  5403 | D:7      | Found a staircase to the Ecumenical Temple.
  5427 | Temple   | Entered the Ecumenical Temple
  5753 | D:7      | Reached skill level 10 in Spellcasting
  5912 | D:4      | You fall into a shaft and drop 1 floor!
  5962 | D:4      | You fall into a shaft and drop 2 floors!
  6030 | D:4      | You fall into a shaft and drop 3 floors!
  6108 | D:4      | You fall into a shaft and drop 2 floors!
  6218 | D:4      | You fall into a shaft and drop 2 floors!
  6346 | D:4      | You fall into a shaft and drop 3 floors!
  6451 | D:4      | You fall into a shaft and drop 3 floors!
  6924 | D:8      | Found a sacrificial altar of Ru.
  7043 | D:8      | Found a flagged portal.
  7241 | D:9      | Reached skill level 11 in Spellcasting
  7326 | D:9      | Reached XP level 9. HP: 16/45 MP: 20/26
  7403 | D:9      | Noticed a troll
  7408 | D:9      | Killed a troll
  7409 | D:9      | Reached skill level 10 in Earth Magic
  8052 | D:9      | Reached skill level 12 in Spellcasting
  8245 | D:10     | Entered Level 10 of the Dungeon
  8261 | D:10     | HP: 1/45 [poisoned by a killer bee]
  8262 | D:10     | Succumbed to a killer bee's poison

Illustrated notes

Levels and vault maps discovered:
D:1:      dpeg_arrival_arbitrary_a, layout_basic
D:2:      layout_rooms, serial_glass, glass_columns_a, glass_columns_b,
          glass_columns_a, glass_columns_a, glass_columns_a, glass_columns_a,
          glass_columns_c, glass_columns_b, glass_columns_a, glass_columns_a
D:3:      layout_loops_ring, nicolae_yredelemnul_ghost_church, serial_shops,
          shop
D:4:      layout_loops_cross, grunt_qazlal_sundering, minmay_misc_feat_iff,
          nicolae_underground_beach, uniq_sigmund
D:5:      layout_loops_corners
D:6:      layout_basic, nicolae_overflow_squiral
D:7:      layout_basic, minmay_temple_entry_sparse_star
D:8:      layout_loops_corners, mainiacjoe_overflow_alcove_1, enter_bailey_5
D:9:      layout_loops_corners
D:10:     layout_big_octagon, marbit_many_paths
Temple:   nicolae_temple_elliptical

Skill      XL: |  1  2  3  4  5  6  7  8  9 |
---------------+----------------------------+-----
Spellcasting   | 4 5 6 7 9 11 12 | 12.7
Earth Magic    | 4 5 6 8 9 11 | 11.0
Dodging        | |  2.4
Stealth        | |  2.4
Transmutations | |  1.1

Action                   |  1- 3 |  4- 6 |  7- 9 || total
-------------------------+-------+-------+-------++-------
 Cast: Sandblast         |    63 |    44 |   129 ||   236
       Passwall          |     3 |     1 |     1 ||     5
  Use: Scroll            |       |     5 |     8 ||    13
Armor: Robe              |     3 |     3 |    17 ||    23
Dodge: Dodged            |    21 |    14 |    48 ||    83
       Repelled          |       |       |     1 ||     1
Block: Other             |       |       |     2 ||     2
       Reflection        |       |       |     1 ||     1
